 Dungeon Crawl Stone Soup version 0.25-a0-743-g84dc20635f (webtiles) character file.

Game seed: 17823505645793012760, levelgen mode: deterministic

500 Joeren the Digger (level 7, 0/36 HPs)
             Began as a Gargoyle Earth Elementalist on Apr 13, 2020.
             Was a Follower of Vehumet.
             Shot with an arrow by a centaur (2 damage)
             ... on level 5 of the Dungeon.
             The game lasted 00:30:16 (3969 turns).

Joeren the Digger (Gargoyle Earth Elementalist)     Turns: 3969, Time: 00:30:17

Health: 0/36       AC:  8    Str: 11    XL:     7   Next: 16%
Magic:  13/13      EV: 12    Int: 18    God:    Vehumet [*.....]
Gold:   210        SH:  0    Dex: 10    Spells: 8/14 levels left

rFire    . . .     SeeInvis .   a - +2 whip (elec)
rCold    . . .     Gourm    .   (no shield)
rNeg     + . .     Faith    .   c - +0 robe
rPois    ∞         Spirit   .   (no helmet)
rElec    +         Reflect  .   j - +0 cloak
rCorr    .         Harm     .   (no gloves)
MR       .....                  (no boots)
Stlth    ++........             (no amulet)
HPRegen  0.12/turn              r - ring of flight
MPRegen  0.13/turn              (no ring)

@: hasted, very quick
A: negative energy resistance 1, electricity resistance, unbreathing,
petrification resistance, rot immunity, AC +4
a: Renounce Religion, Evoke Flight


You were on level 5 of the Dungeon.
You worshipped Vehumet.
Vehumet was aware of your devotion.
You were not hungry.

You visited 1 branch of the dungeon, and saw 6 of its levels.

You collected 210 gold pieces.

Inventory:

Hand Weapons
 a - a +2 whip of electrocution (weapon)
 e - a +0 dagger
Missiles
 b - 102 stones (quivered)
 l - 20 sling bullets
 p - 69 arrows
Armour
 c - a +0 robe (worn)
 j - a +0 cloak (worn)
 n - a +0 buckler
 q - a +0 leather armour
Magical Staves
 s - an uncursed staff of wizardry
Jewellery
 r - a ring of flight (left hand)
Scrolls
 f - 2 scrolls of magic mapping {unknown}
 g - 3 scrolls of immolation {unknown}
 h - 5 scrolls of identify {unknown}
 o - a scroll of enchant weapon {unknown}
 u - a scroll of noise {unknown}
 v - a scroll of remove curse {unknown}
Potions
 i - a potion of lignification {unknown}
 k - 2 potions of haste
 t - a potion of resistance {unknown}
Comestibles
 d - 13 rations
 m - 2 chunks of flesh


   Skills:
 + Level 1.5 Maces & Flails
 + Level 1.7 Armour
 - Level 1.5 Dodging
 - Level 2.1 Stealth
 + Level 4.3 Spellcasting
 + Level 2.7 Conjurations
 - Level 0.7 Transmutations
 + Level 6.4 Earth Magic


You had 8 spell levels left.
You knew the following spells:

 Your Spells              Type           Power        Failure   Level  Hunger
a - Sandblast             Erth           ####..       1%          1    None
c - Passwall              Tmut/Erth      ###.....     4%          2    ##.....
s - Stone Arrow           Conj/Erth      ###...       7%          3    ###....

Your spell library contained the following spells:

 Spells                   Type           Power        Failure   Level  Hunger
 Magic Dart               Conj           ##..         4%          1    None
 Beastly Appendage        Tmut           #.....       11%         1    None
 Sticks to Snakes         Tmut           #.......     16%         2    ##.....
 Lee's Rapid Deconstruct  Erth           ####......   28%         5    ######.
 Petrify                  Tmut/Erth      ###.....     32%         4    ####...
 Spider Form              Tmut/Pois      #.........   36%         3    ###....
 Confusing Touch          Hex            #.......     38%         3    ###....
 Gell's Gravitas          Tloc           #.........   38%         3    ###....
 Ice Form                 Ice/Tmut       #.......     77%         4    ####...
 Blade Hands              Tmut           #.........   96%         5    ######.
 Metabolic Englaciation   Hex/Ice        #.........   98%         5    ######.
 Yara's Violent Unravell  Hex/Tmut       #.........   98%         5    ######.


Dungeon Overview and Level Annotations

Branches:
Dungeon (6/15)
 Temple: D:4-7

Altars:
Ashenzari
Elyvilon
Sif Muna
Uskayaw
Vehumet
Xom
Zin
The Shining One

Annotations:
D:4 exclusion: downstairs
D:5 Edmund


Innate Abilities, Weirdness & Mutations

You are resistant to torment.
Your stone body is resilient. (AC +4)
You are immune to poison.
You resist negative energy. (rN+)
You are resistant to electric shocks. (rElec)
You can survive without breathing.
You are immune to petrification.
You are immune to rotting.


Message History

Press: ? - help, Dir - move target cursor You can't see that place. [a rock wall.]
Okay, then.
Casting: Passwall (safe; 4% risk of failure)
Confirm with . or Enter, or press ? or * to list all spells.
Aiming: Passwall (safe; 4% risk of failure)
Press: ? - help, Dir - move target cursor You can't see that place. [a granite statue.]
Okay, then.
The centaur shoots an arrow.
The arrow hits you but does no damage.
You see here an arrow.
The centaur shoots an arrow.
The arrow hits you.
* * * LOW HITPOINT WARNING * * *
You hear a shout!
You see here an arrow.
It was a potion of haste.
You feel yourself speed up.
The centaur shoots an arrow.
The arrow hits you.
You die...

#............#
#######..#..##
##.....##8...8#
###.####.....## #.#
8.....8#..# #.. #.#
#.....# ..##c.. #.# 8...8#
..#.... ######.### ##_##
....#..
#.......@#########......
..........(.....#.....#
................#.....##..
..##########....c((.......
. #..........###.#
....#............
..............##..#
.....##....#..... ..
..##....[..#...... .


You could see a centaur.

Vanquished Creatures
  2 ogres
  3 hounds
  A centaur skeleton (D:4)
  An orc wizard (D:4)
  7 adders
  3 oozes
  3 worms
  2 dart slugs (D:1)
  6 leopard geckos
  8 orcs
  3 ball pythons
  3 giant cockroaches
  11 goblins
  8 hobgoblins
  4 jackals
  9 kobolds
  2 quokkas
  6 bats
  4 frilled lizards
  A jackal zombie (D:4)
  5 rats
92 creatures vanquished.

Vanquished Creatures (others)
  An orc (D:4)
  A quokka (D:4)
2 creatures vanquished.

Grand Total: 94 creatures vanquished

Notes
Turn   | Place    | Note
-------+----------+-------------------------------------------
     0 | D:1      | Joeren the Gargoyle Earth Elementalist began the quest for
                  | the Orb.
     0 | D:1      | Reached XP level 1. HP: 10/10 MP: 3/3
    85 | D:1      | Reached skill level 4 in Earth Magic
    85 | D:1      | Reached XP level 2. HP: 14/15 MP: 0/5
   382 | D:1      | Reached XP level 3. HP: 17/19 MP: 7/7
  1404 | D:2      | Reached XP level 4. HP: 21/24 MP: 8/8
  1549 | D:2      | Reached skill level 5 in Earth Magic
  1609 | D:2      | Learned a level 3 spell: Stone Arrow
  1612 | D:2      | Learned a level 2 spell: Passwall
  1658 | D:2      | Found a glowing golden altar of the Shining One.
  1754 | D:2      | Found a radiant altar of Vehumet.
  1754 | D:2      | Found a shattered altar of Ashenzari.
  1762 | D:2      | Found a glowing silver altar of Zin.
  1769 | D:2      | Found a shimmering altar of Xom.
  1771 | D:2      | Found a shimmering blue altar of Sif Muna.
  1818 | D:2      | Became a worshipper of Vehumet
  2529 | D:3      | Reached XP level 5. HP: 14/28 MP: 6/10
  3191 | D:3      | Reached * piety under Vehumet
  3191 | D:3      | Offered knowledge of Magic Dart by Vehumet.
  3346 | D:4      | Reached skill level 1 in Conjurations
  3349 | D:4      | Found a white marble altar of Elyvilon.
  3484 | D:5      | Entered Level 5 of the Dungeon
  3484 | D:5      | Noticed an ogre
  3498 | D:5      | Noticed Edmund
  3598 | D:4      | Reached skill level 6 in Earth Magic
  3598 | D:4      | Reached XP level 6. HP: 30/32 MP: 10/12
  3810 | D:4      | Reached skill level 1 in Armour
  3874 | D:5      | Reached skill level 1 in Maces & Flails
  3874 | D:5      | Reached XP level 7. HP: 36/36 MP: 11/13
  3941 | D:5      | Found a hide-covered altar of Uskayaw.
  3969 | D:5      | Shot with an arrow by a centaur

Levels and vault maps discovered:
D:1:      eino_arrival_cavern_d, layout_rooms, minivault_27, minmay_heptomino_l4
D:2:      layout_basic, chequers_temple_overflow_minitemple, tso_metal_star
D:3:      layout_rooms, minmay_stone_trees_small
D:4:      layout_rooms, first_ration, elyvilon_altar_4
D:5:      layout_rooms, nicolae_overflow_hidden_temple, uniq_edmund
D:6:      layout_loops_corners, gammafunk_temple_overflow_elements,
          minmay_temple_entry_large_hall, tgw_xom

Skill      XL: |  1  2  3  4  5  6 |
---------------+-------------------+-----
Earth Magic    | 4 5 6 |  6.4
Spellcasting   | 3 4 |  4.3
Conjurations   | 1 2 |  2.7
Armour         | 1 |  1.7
Maces & Flails | 1 |  1.5
Dodging        | |  1.5
Stealth        | |  2.1
Transmutations | |  0.7

Action                   |  1- 3 |  4- 6 |  7- 9 || total
-------------------------+-------+-------+-------++-------
Melee: Unarmed           |    22 |       |       ||    22
       Dagger            |    99 |       |       ||    99
       Whip              |    11 |   103 |     2 ||   116
 Cast: Sandblast         |    26 |    31 |     2 ||    59
       Stone Arrow       |       |       |     1 ||     1
  Use: Potion            |       |       |     1 ||     1
 Stab: Sleeping          |     1 |     1 |       ||     2
  Eat: Chunk             |     1 |     9 |       ||    10
Armor: Robe              |    47 |    40 |     1 ||    88
Dodge: Dodged            |    92 |    72 |     1 ||   165

Table legend:
 A = Non-vault XP
 B = Vault XP
 C = Vault XP percentage of total XP
 D = Non-vault monster count
 E = Vault monster count
 F = Vault count percentage of total count
                 A         B        C        D         E       F
            +---------+---------+-------+---------+---------+-------
      Total |     710 |       5 |   0.7 |      88 |       4 |   4.3
            +---------+---------+-------+---------+---------+-------
        D:1 |      67 |       5 |   6.9 |      28 |       4 |  12.5
        D:2 |      75 |       0 |   0.0 |      23 |       0 |   0.0
        D:3 |      55 |       0 |   0.0 |      16 |       0 |   0.0
        D:4 |     310 |       0 |   0.0 |      18 |       0 |   0.0
        D:5 |     203 |       0 |   0.0 |       3 |       0 |   0.0
            +---------+---------+-------+---------+---------+-------
